 Dungeon Crawl Stone Soup version 0.28.0-53-g5a82cb258f (webtiles) character file.

Game seed: 13707718104995624325

11229 safid the Severer (level 11, -11/84 HPs)
             Began as a Hill Orc Fighter on Aug 22, 2022.
             Was a High Priest of Okawaru.
             Hit by a javelin thrown by a minotaur (19 damage)
             ... in a Gauntlet.
             The game lasted 00:22:27 (9976 turns).

safid the Severer (Hill Orc Fighter)                Turns: 9976, Time: 00:22:28

Health: -11/84     AC: 20    Str: 29 (30) XL:     11   Next: 74%
Magic:  9/11       EV:  9    Int:  8      God:    Okawaru [*****.]
Gold:   310        SH: 13    Dex: 10      Spells: 10/10 levels left

rFire   . . .      SeeInvis .   a - +0 war axe
rCold   . . .      Faith    .   g - +0 kite shield
rNeg    . . .      Spirit   .   s - +0 plate armour
rPois   +          Reflect  .   e - +0 helmet
rElec   .          Harm     .   (no cloak)
rCorr   .          Rampage  .   j - +0 pair of gloves
Will    .....      NoTele   +   l - +0 pair of boots
Stlth   ..........              b - amulet of regeneration
HPRegen 1.04/turn               i - +6 ring of strength
MPRegen 0.12/turn               C - ring of poison resistance

@: mighty, heroic, hasted, very quick
A: deterioration 1, frail 1
a: Renounce Religion, Heroism, Finesse, Duel


You were in a Gauntlet.
You worshipped Okawaru.
Okawaru was extremely pleased with you.
You visited 2 branches of the dungeon, and saw 12 of its levels.
You also visited: Ossuary and Gauntlet.

You collected 550 gold pieces.
You spent 240 gold pieces at shops.

Inventory:

Hand Weapons
 a - a +0 war axe (weapon)
Missiles
 x - 12 poisoned darts (quivered)
Armour
 e - a +0 helmet (worn)
 g - a +0 kite shield (worn)
 j - a +0 pair of gloves (worn)
 l - a +0 pair of boots (worn)
 s - a +0 plate armour (worn)
 U - a +1 plate armour of fire resistance
 V - the +2 helmet of Winter {Stlth+}
   (You found it in a Gauntlet)

   Stlth:     It makes you more stealthy.
Jewellery
 b - an amulet of regeneration (around neck)
 i - a +6 ring of strength (left hand)
 y - a ring of positive energy
 B - a ring of willpower
 C - a ring of poison resistance (right hand)
 H - a ring of fire
 I - an amulet of reflection
 L - a +6 ring of intelligence
 N - an amulet of magic regeneration
 T - the ring of Springtime {rPois rF- rN+++ rCorr Dex-2}
   (You found it in a Gauntlet)

   [ring of resist corrosion]

   Dex:       It affects your dexterity (-2).
   rF:        It makes you vulnerable to fire.
   rPois:     It protects you from poison.
   rN:        It renders you almost immune to negative energy.
   rCorr:     It protects you from acid and corrosion.
Wands
 r - a wand of iceblast (19)
 K - a wand of acid (17)
 O - a wand of mindburst (9)
 P - a wand of digging (4)
Scrolls
 f - 2 scrolls of vulnerability
 m - 2 scrolls of summoning
 n - 2 scrolls of noise
 o - 5 scrolls of teleportation
 p - 3 scrolls of immolation
 v - a scroll of magic mapping
 E - a scroll of blinking {unknown}
 F - 2 scrolls of enchant weapon {unknown}
 J - 3 scrolls of identify
 M - a scroll of torment {unknown}
 Q - 3 scrolls of fear {unknown}
Potions
 c - 2 potions of resistance {unknown}
 d - a potion of might
 h - 5 potions of lignification {unknown}
 k - a potion of magic {unknown}
 q - 2 potions of brilliance {unknown}
 t - 2 potions of curing {unknown}
 u - 4 potions of mutation {unknown}
 w - 2 potions of haste
 z - a potion of berserk rage {unknown}
 A - 2 potions of invisibility {unknown}
 D - 2 potions of attraction {unknown}
 S - a potion of flight {unknown}
Miscellaneous
 R - a lightning rod (4/4)


   Skills:
 - Level 8.0(13.0) Fighting
 - Level 16.0(21.0) Axes
 - Level 8.0(13.0) Armour
 + Level 11.7(16.7) Shields


You had 10 spell levels left.
You didn't know any spells.
Your spell library contained the following spells:

 Spells                   Type           Power      Damage    Failure   Level
 Shock                    Conj/Air       0%         1d3       99%         1
 Corpse Rot               Necr/Air       0%         N/A       100%        2
 Static Discharge         Conj/Air       0%         N/A       100%        2
 Gell's Gravitas          Tloc           0%         N/A       100%        3
 Swiftness                Air            0%         N/A       100%        3
 Teleport Other           Tloc           0%         N/A       100%        3
 Airstrike                Air            0%         N/A       100%        4
 Dispel Undead            Necr           0%         3d6       100%        4
 Sticky Flame             Conj/Fire      0%         2d3       100%        4
 Blade Hands              Tmut           0%         N/A       100%        5
 Fireball                 Conj/Fire      0%         3d3       100%        5
 Irradiate                Conj/Tmut      0%         3d13      100%        5
 Iskenderun's Battlesphe  Conj           0%         2d6       100%        5
 Lightning Bolt           Conj/Air       0%         1d11      100%        5
 Conjure Ball Lightning   Conj/Air       0%         3x3d6     100%        6
 Dispersal                Tloc           0%         N/A       100%        6
 Iron Shot                Conj/Erth      0%         9d1       100%        6
 Dragon Form              Tmut           0%         N/A       100%        7
 Orb of Destruction       Conj           0%         9d5       100%        7
 Maxwell's Capacitive Co  Air            0%         ∞         100%        8
 Death Channel            Necr           Unusable   N/A       N/A         6
 Spellforged Servitor     Conj/Summ      Unusable   N/A       N/A         7

Dungeon Overview and Level Annotations

Branches:
Dungeon (11/15)            Temple (1/1) D:7            Lair (0/6) D:10
Ossuary (visited)         Gauntlet (1/1)
    Orc: D:9-12

Altars:
Ashenzari
Cheibriados
Dithmenos
Elyvilon
Fedhas
Gozag
Hepliaklqana
Kikubaaqudgha
Makhleb
Nemelex Xobeh
Okawaru
Qazlal
Ru
Sif Muna
Trog
Uskayaw
Vehumet
Wu Jian
Xom
Yredelemnul
Zin
The Shining One

Shops:
D:4 !

Annotations:
D:6 1 runed translucent door, Crazy Yiuf
D:8 3 runed translucent doors, tkbsonic5's ghost, novice MfIE Gauntlet 8 transporters


Innate Abilities, Weirdness & Mutations

Your body sometimes deteriorates upon taking damage.
You are frail. (-10% HP)


Message History

You feel much better.
You feel very mighty all of a sudden. You block the minotaur's attack. x2
The minotaur blocks your attack.
The minotaur is moderately wounded.
The minotaur hits you with a staff of earth!!
* * * LOW HITPOINT WARNING * * *
You block the minotaur's attack.
You hit the minotaur but do no damage.
The minotaur is moderately wounded.
The minotaur blocks your attack.
The minotaur is moderately wounded.
You block the minotaur's attack.
The minotaur gores you but does no damage.
The minotaur blocks your attack.
The minotaur is moderately wounded.
You completely miss the minotaur.
The minotaur is moderately wounded.
The minotaur hits you but does no damage.
The minotaur closely misses you.
You hit the minotaur but do no damage.
The minotaur is moderately wounded.
You hit the minotaur but do no damage.
The minotaur is moderately wounded.
You feel like a meek peon again.
The minotaur hits you with a staff of earth.
* * * LOW HITPOINT WARNING * * *
You block the minotaur's attack.
Okay, then.
Okay, then.
You gain the combat prowess of a mighty hero.
The minotaur hits you with a staff of earth.
* * * LOW HITPOINT WARNING * * *
The minotaur gores you but does no damage.
The minotaur hits you with a staff of earth!!
* * * LOW HITPOINT WARNING * * *
The minotaur gores you but does no damage.
Found a silver wand and a glowing leather armour.
The minotaur throws a javelin.
The javelin pierces through you!!
You die...

.........#≈#########≈#...........
#≈#≈#≈#≈####.......####≈#§#≈#≈#≈#
######### #..8.8.8..#############
#...©.©.©...## .............#
.#.#######.#.# .. #....#.#
.#.##.#.##.#.# .......@.....#
.#..##'##..#.# #8. #..#.# #..
#..H.# #8. #.8### #/. #### #8.
#[.


You could see a minotaur.

Vanquished Creatures
  A green death (Gauntlet)
  4 two-headed ogres
  A shining eye (shapeshifter) (Gauntlet)
  A kobold demonologist (D:7)
  Maggie (D:9)
  A rime drake (shapeshifter) (Gauntlet)
  A troll (D:6)
  2 hornets
  Prince Ribbit (D:5)
  Sigmund (D:5)
  3 yaks (D:10)
  3 wyverns
  Eustachio (D:5)
  A redback (shapeshifter) (Gauntlet)
  2 wargs (D:10)
  2 steam dragons
  A water moccasin (D:9)
  2 sky beasts (D:7)
  3 orc warriors
  A black bear (D:6)
  An ice beast (D:6)
  An ogre (D:7)
  5 centaurs
  An ogre (shapeshifter) (Gauntlet)
  A phantom (D:5)
  A kobold brigand (D:9)
  A bullfrog (D:6)
  2 gnoll sergeants
  4 scorpions
  4 water moccasin zombies (Ossuary)
  2 water moccasin skeletons
  A killer bee (D:9)
  13 wights
  4 howler monkeys
  5 centaur zombies
  A bullfrog zombie (D:6)
  A hound (D:6)
  2 jellies
  A gnoll shaman (D:9)
  8 orc priests
  A centaur skeleton (D:5)
  2 iguanas (D:4)
  6 orc wizards
  Natasha (thrice) (D:3)
  A hound skeleton (D:5)
  2 mummies (Ossuary)
  4 howler monkey zombies
  Robin (D:4)
  A howler monkey skeleton (D:6)
  10 adders
  11 gnolls
  3 white imps
  An ufetubus (D:6)
  6 adder zombies (Ossuary)
  2 adder skeletons (D:4)
  2 worms (D:3)
  3 dart slugs
  22 orcs
  9 ball pythons
  5 bats
  7 endoplasms
  3 giant cockroaches
  2 gnoll zombies (Ossuary)
  11 goblins (D:4)
  9 hobgoblins
  10 jackals
  19 kobolds
  4 quokkas
  3 frilled lizards
  7 hobgoblin zombies (Ossuary)
  6 kobold zombies (Ossuary)
  5 orc zombies (Ossuary)
  6 rats
279 creatures vanquished.

Vanquished Creatures (others)
  An orc wizard (D:9)
  4 demonic plants (Gauntlet)
  5 plants
10 creatures vanquished.

Grand Total: 289 creatures vanquished

Notes
Turn   | Place    | Note
-------+----------+-------------------------------------------
     0 | D:1      | safid the Hill Orc Fighter began the quest for the Orb.
     0 | D:1      | Reached XP level 1. HP: 19/19 MP: 1/1
   151 | D:1      | Reached skill level 3 in Axes
   151 | D:1      | Reached XP level 2. HP: 26/27 MP: 2/2
   337 | D:1      | Reached XP level 3. HP: 33/33 MP: 3/3
  1032 | D:2      | Reached XP level 4. HP: 40/40 MP: 4/4
  1256 | D:3      | Reached skill level 4 in Axes
  1327 | D:3      | Noticed Natasha
  1338 | D:3      | Killed Natasha
  1490 | D:3      | Noticed Natasha
  1499 | D:3      | Killed Natasha
  1500 | D:3      | Reached skill level 5 in Axes
  1500 | D:3      | Reached XP level 5. HP: 20/46 MP: 5/5
  1533 | D:3      | Noticed Natasha
  1539 | D:3      | Killed Natasha
  1894 | D:3      | Reached skill level 6 in Axes
  2533 | D:4      | Found Hios's Distillery.
  2541 | D:4      | Bought a potion of heal wounds for 60 gold pieces
  2541 | D:4      | Bought a potion of heal wounds for 60 gold pieces
  2550 | D:4      | Reached XP level 6. HP: 34/52 MP: 6/6
  2760 | D:4      | Noticed Robin
  2776 | D:4      | Reached skill level 7 in Axes
  2789 | D:4      | Killed Robin
  3153 | D:4      | Reached skill level 8 in Axes
  3486 | D:5      | Entered Level 5 of the Dungeon
  3544 | D:5      | Noticed Prince Ribbit
  3670 | D:4      | Reached XP level 7. HP: 50/59 MP: 7/7
  3742 | D:5      | Killed Prince Ribbit
  3743 | D:5      | Reached skill level 9 in Axes
  4053 | D:5      | Reached skill level 10 in Axes
  4119 | D:5      | Noticed Eustachio
  4137 | D:5      | Killed Eustachio
  4138 | D:5      | Reached skill level 11 in Axes
  4138 | D:5      | Reached XP level 8. HP: 64/66 MP: 8/8
  4149 | D:5      | Noticed Sigmund
  4176 | D:5      | Killed Sigmund
  4212 | D:5      | Reached skill level 12 in Axes
  4291 | D:5      | Found a shadowy altar of Dithmenos.
  4674 | D:6      | Reached skill level 13 in Axes
  4745 | D:4      | Bought a potion of haste for 120 gold pieces
  4910 | D:6      | Reached XP level 9. HP: 59/71 MP: 9/9
  5077 | D:6      | Found a white marble altar of Elyvilon.
  5077 | D:6      | Found a broken altar of Ashenzari.
  5079 | D:6      | Found a glowing golden altar of the Shining One.
  5079 | D:6      | Found a bloodstained altar of Trog.
  5137 | D:6      | Found a runed translucent door.
  5138 | D:6      | Noticed Crazy Yiuf
  5256 | D:6      | Noticed a troll
  5269 | D:6      | Killed a troll
  5270 | D:6      | Reached skill level 14 in Axes
  5684 | D:7      | Noticed a hornet
  5691 | D:7      | Killed a hornet
  5692 | D:7      | Reached skill level 5 in Fighting
  5734 | D:7      | Reached skill level 5 in Armour
  5734 | D:7      | Reached skill level 5 in Shields
  5877 | D:7      | Found a staircase to the Ecumenical Temple.
  5930 | Temple   | Entered the Ecumenical Temple
  6116 | Temple   | Became a worshipper of Warmaster Okawaru
  6378 | D:7      | Noticed a kobold demonologist
  6398 | D:7      | Noticed a red devil
  6402 | D:7      | Killed a kobold demonologist
  6541 | D:7      | Reached skill level 15 in Axes
  6797 | D:8      | Found a sand-covered staircase.
  6812 | D:8      | Reached * piety under Okawaru
  6813 | D:8      | Reached XP level 10. HP: 83/83 MP: 10/10
  6835 | Ossuary  | Entered an ossuary
  7316 | D:8      | Found a runed translucent gate.
  7316 | D:8      | Found a runed translucent gate.
  7316 | D:8      | Found a runed translucent gate.
  7401 | D:8      | Noticed a ten-headed hydra
  7401 | D:8      | Noticed tkbsonic5's ghost (novice MfIE)
  7497 | D:8      | Reached ** piety under Okawaru
  7928 | D:9      | Noticed Maggie
  7943 | D:9      | Killed Maggie
  7979 | D:9      | Reached skill level 16 in Axes
  8169 | D:9      | Noticed a two-headed ogre
  8188 | D:9      | Killed a two-headed ogre
  8193 | D:9      | Reached *** piety under Okawaru
  8228 | D:9      | Noticed a two-headed ogre
  8235 | D:9      | Killed a two-headed ogre
  8236 | D:9      | Reached XP level 11. HP: 94/94 MP: 11/11
  8242 | D:9      | Reached **** piety under Okawaru
  8289 | D:9      | Noticed a death knight
  8514 | D:10     | Entered Level 10 of the Dungeon
  8762 | D:10     | Noticed a two-headed ogre
  8771 | D:10     | Killed a two-headed ogre
  8810 | D:10     | Noticed a two-headed ogre
  8819 | D:10     | Reached ***** piety under Okawaru
  8825 | D:10     | Killed a two-headed ogre
  8826 | D:10     | Reached skill level 10 in Shields
  8884 | D:10     | Found a staircase to the Lair.
  9262 | D:10     | Found a hazy altar of Hepliaklqana.
  9610 | D:11     | Found a gate leading to a gauntlet.
  9625 | Gauntlet | Entered a Gauntlet
  9625 | Gauntlet | Found a transporter.
  9630 | Gauntlet | Noticed a wizard
  9632 | Gauntlet | Noticed a wizard
  9634 | Gauntlet | Found a transporter.
  9635 | Gauntlet | Noticed a green death
  9650 | Gauntlet | Found a transporter.
  9654 | Gauntlet | Found a transporter.
  9664 | Gauntlet | Noticed a salamander
  9672 | Gauntlet | Found a transporter.
  9676 | Gauntlet | Noticed a fire crab
  9676 | Gauntlet | an elephant changed into a fire crab
  9685 | Gauntlet | Found a transporter.
  9685 | Gauntlet | Noticed a large abomination
  9689 | Gauntlet | Found a transporter.
  9693 | Gauntlet | Found a transporter.
  9695 | Gauntlet | Noticed a harpy
  9695 | Gauntlet | a salamander changed into a harpy
  9697 | Gauntlet | a harpy changed into a polar bear
  9713 | Gauntlet | Noticed a swamp dragon
  9716 | Gauntlet | Found a transporter.
  9734 | Gauntlet | a swamp dragon changed into a redback
  9736 | Gauntlet | Found a transporter.
  9740 | Gauntlet | Found a transporter.
  9740 | Gauntlet | Noticed a fire crab
  9748 | Gauntlet | Found a transporter.
  9820 | Gauntlet | Noticed a two-headed ogre
  9834 | Gauntlet | Noticed a fire crab
  9834 | Gauntlet | a yaktaur changed into a fire crab
  9839 | Gauntlet | Noticed a death drake
  9841 | Gauntlet | a two-headed ogre changed into a slime creature
  9841 | Gauntlet | Noticed a deep troll
  9841 | Gauntlet | a death drake changed into a deep troll
  9847 | Gauntlet | Noticed a mana viper
  9848 | Gauntlet | Noticed a fire crab
  9848 | Gauntlet | a mana viper changed into a fire crab
  9854 | Gauntlet | a fire crab changed into a guardian serpent
  9891 | Gauntlet | Killed a green death
  9891 | Gauntlet | Received a gift from Okawaru
  9897 | Gauntlet | Noticed a shining eye
  9902 | Gauntlet | Identified the ring of Springtime {rPois rF- rN+++ rCorr
                  | Dex-2}
  9913 | Gauntlet | Noticed a fire crab
  9913 | Gauntlet | a spriggan changed into a fire crab
  9915 | Gauntlet | Noticed a harpy
  9915 | Gauntlet | a fire crab changed into a harpy
  9918 | Gauntlet | Identified the +2 helmet of Winter {Stlth+}
  9922 | Gauntlet | a harpy changed into a rime drake
  9933 | Gauntlet | Gained mutation: You are frail. (-10% HP) [a shining eye]
  9935 | Gauntlet | Gained mutation: Your body sometimes deteriorates upon
                  | taking damage. [a shining eye]
  9940 | Gauntlet | Killed a shining eye
  9947 | Gauntlet | Noticed a minotaur
  9970 | Gauntlet | HP: 4/84 [minotaur/staff of earth (19)]
  9976 | Gauntlet | Hit by a javelin thrown by a minotaur

Illustrated notes

Levels and vault maps discovered:
D:1:      minmay_arrival_four_loops, layout_basic
D:2:      layout_rooms, minmay_fountain_box, kennysheep_generic_room_10
D:3:      layout_basic, uniq_natasha
D:4:      layout_cave_pods, serial_shops, nicolae_shop_hallway_stairs,
          uniq_robin
D:5:      kennysheep_spiral_hall, layout_basic, grunt_dithmenos_smoke,
          uniq_prince_ribbit1, uniq_sigmund, uniq_eustachio
D:6:      layout_loops_ring, mainiacjoe_overflow_alcove_3,
          minmay_fractal_squares_5, uniq_crazy_yiuf_cottage
D:7:      layout_basic, minmay_temple_entry_sparse_star
D:8:      layout_basic, gammafunk_ghost_hydra_chop, nicolae_ossuary_entry_ruins,
          nrook_loot_triangle, nicolae_straight_to_the_point
D:9:      wad_guarded_room, layout_loops_ring, uniq_maggie
D:10:     layout_loops_ring, lemuel_tele_altar, erik_lair_orcish_takeover,
          grunt_decor_fettered, minmay_misc_feat_enclosed,
          kennysheep_decorative_pillar
D:11:     layout_gridville, gauntlet_entry_generic, nicolae_elemental_shop,
          uniq_snorg, uniq_psyche
Temple:   regret_index_temple_sphere_string
Gauntlet: minmay_gauntlet_mixed_oops_all_seconds
          [minmay_gauntlet_arena_77_terracotta_army,
          nicolae_gauntlet_arena_t_cross, minmay_gauntlet_arena_77_fan,
          gammafunk_gauntlet_arena_split_diamond,
          minmay_gauntlet_arena_77_museum, nicolae_gauntlet_arena_x,
          nicolae_gauntlet_exit_dead_adventurers]

Skill      XL: |  1  2  3  4  5  6  7  8  9 10 11 |
---------------+----------------------------------+-----
Axes           | 3 5 6 8 11 13 15 16 | 16.0
Fighting       | 4 6 8 |  8.0
Armour         | 4 5 7 8 |  8.0
Shields        | 4 5 7 11 | 11.7

Action                   |  1- 3 |  4- 6 |  7- 9 | 10-12 || total
-------------------------+-------+-------+-------+-------++-------
Melee: War axe           |    92 |   188 |   282 |   419 ||   981
Throw: Dart              |       |       |    15 |     8 ||    23
Invok: Heroism           |       |       |       |     3 ||     3
  Use: Potion            |       |     1 |     3 |     7 ||    11
       Scroll            |       |       |     7 |     2 ||     9
Armor: Scale mail        |    67 |    55 |       |       ||   122
       Plate armour      |       |    59 |   180 |   168 ||   407
Dodge: Dodged            |    59 |    71 |    63 |    51 ||   244
Block: Buckler           |    22 |    30 |    32 |       ||    84
       Kite shield       |       |       |    58 |   158 ||   216
